 Dungeon Crawl Stone Soup version 0.31-a0-600-g62dffe198b (webtiles) character file.

Game seed: 12821315423652810907

67 AdnanSaban the Shield-Bearer (level 4, 0/29 HPs)
             Began as a Gargoyle Fighter on Aug 21, 2023.
             Slain by Terence
             ... wielding the +7 Throatcutter {drain, coup de grace}
              (5 damage)
             ... on level 2 of the Dungeon.
             The game lasted 00:01:07 (1232 turns).

AdnanSaban the Shield-Bearer (Gargoyle Fighter)     Turns: 1232, Time: 00:01:07

Health: 0/29       AC: 11    Str: 22    XL:     4   Next: 18%
Magic:  4/4        EV:  9    Int:  8    God:
Gold:   117        SH:  4    Dex:  9    Spells: 3/3 levels left

rFire   . . .        a - +0 flail
rCold   . . .        c - +0 buckler
rNeg    + . .        b - +0 scale mail
rPois   ∞            (no helmet)
rElec   +            (no cloak)
rCorr   .            (no gloves)
SInv    .            h - +0 pair of boots
Will    .....        (no amulet) Stlth
                     (no ring)
HPRegen 0.24/turn    (no ring)
MPRegen 0.09/turn

%: no passive effects
@: no status effects
A: sickness immunity, AC +3, negative energy resistance 1, electricity
resistance, torment resistance 1, petrification resistance
a: no special abilities


You were on level 2 of the Dungeon.
You visited 1 branch of the dungeon, and saw 2 of its levels.

You collected 117 gold pieces.

Inventory:

Hand Weapons
 a - a +0 flail (weapon)
Armour
 b - a +0 scale mail (worn)
 c - a +0 buckler (worn)
 h - a +0 pair of boots (worn)
Scrolls
 e - a scroll of fear {unknown}
 f - a scroll of identify {unknown}
 g - a scroll of fog {unknown}
 j - a scroll of enchant weapon {unknown}
 l - 2 scrolls of enchant armour {unknown}
 m - a scroll of teleportation {unknown}
Potions
 d - a potion of might
 i - 2 potions of resistance {unknown}
 k - a potion of curing {unknown}


   Skills:
 + Level 3.7 Fighting
 + Level 2.9 Maces & Flails
 + Level 3.8 Armour
 + Level 0.2 Dodging
 + Level 0.1 Stealth
 + Level 3.8 Shields


You had 3 spell levels left.
You didn't know any spells.
Your spell library contained the following spells:

 Spells                   Type           Power      Damage    Failure   Level
 Foxfire                  Conj/Fire      0%         2x1d4     80%         1
 Plasma Beam              Fire/Air       0%         2x1d10    100%        6
 Starburst                Conj/Fire      0%         6d3       100%        6


Dungeon Overview and Level Annotations

Branches:
Dungeon (2/15)

Altars:
Ru

Shops:
D:1 (

Annotations:
D:2 Terence


Innate Abilities, Weirdness & Mutations

You are immune to sickness and miasma.
Your stone body is resilient. (AC +3)
You are immune to poison.
You resist negative energy. (rN+)
You are resistant to electric shocks. (rElec)
You are resistant to unholy torment.
You are immune to petrification.


Message History

m - a scroll labelled XUCLUKEIPP No target in view!
You see here a +0 club.
Found a blade talisman.
No target in view!
You see here a blade talisman.
Terence and a goblin come into view.
Terence is wielding the +7 Throatcutter {drain, coup de grace}.
Terence shouts!
The goblin shouts!
The goblin closely misses you.
You barely miss the goblin.
A bat comes into view.
The goblin hits you but does no damage.
The bat moves out of view.
There are monsters nearby!
You closely miss the goblin. The goblin closely misses you.
You hit the goblin.
The goblin is heavily wounded.
The goblin closely misses you. The goblin hits you with a +0 club.
The goblin attacks as it pursues you! The goblin hits you but does no damage.
You hit the goblin.
You kill the goblin!
The bat hits you but does no damage. x2
You miss the bat. The bat hits you but does no damage.
The bat completely misses you.
You sock the bat!
You kill the bat!
Terence hits you with the +7 Throatcutter {drain, coup de grace}!
You closely miss Terence. You block Terence's attack.
You hit Terence but do no damage. Terence barely misses you.
You sock Terence!
Terence is heavily wounded.
Terence closely misses you. Terence barely misses you.
You barely miss Terence.
Terence is heavily wounded.
Terence hits you with the +7 Throatcutter {drain, coup de grace}!
* * * LOW HITPOINT WARNING * * *
You hit Terence.
Terence is severely wounded.
Terence hits you with the +7 Throatcutter {drain, coup de grace}.
You die...

#.......# #.................
###.......# #...#...##........
..........######...#"..##........
..............##...#...#.........
..........###.######......#......
.....###### #...# #......#......
.....# ###%## ##.....#......
.....# #..# #.#...#...... .....#
##@# #.#...# ..... .....#
#@####.#...# .... .....#
#...@#.#..[# .....# ####...#####
.....# ..# .....# ..# ###### ..#
.. #


You could see Terence.

Vanquished Creatures
  An orc wizard (D:2)
  An adder (D:2)
  2 orcs (D:2)
  A ball python (D:1)
  2 bats
  4 endoplasms
  3 giant cockroaches (D:1)
  2 goblins
  3 hobgoblins
  A quokka (D:1)
  3 frilled lizards (D:1)
  4 kobolds
  A rat (D:1)
28 creatures vanquished.

Notes
Turn   | Place    | Note
-------+----------+-------------------------------------------
     0 | D:1      | AdnanSaban the Gargoyle Fighter began the quest for the
                  | Orb.
     0 | D:1      | Reached XP level 1. HP: 14/14 MP: 1/1
     9 | D:1      | Found Weam's Weapon Shop.
   165 | D:1      | Reached XP level 2. HP: 19/19 MP: 2/2
   908 | D:2      | Reached XP level 3. HP: 22/23 MP: 3/3
  1082 | D:2      | Found a sacrificial altar of Ru.
  1095 | D:2      | Reached XP level 4. HP: 21/29 MP: 4/4
  1218 | D:2      | Noticed Terence
  1232 | D:2      | Slain by Terence

Illustrated notes

Levels and vault maps discovered:
D:1:      dpeg_arrival_connections, layout_basic, serial_shops, shop_statue
D:2:      layout_basic, basic_altar, uniq_terence

Action                     |  1- 3 |  4- 6 || total
---------------------------+-------+-------++-------
  Melee: Flail             |    96 |    20 ||   116
 Armour: Scale mail        |    58 |     9 ||    67
  Dodge: Dodged            |    57 |    12 ||    69
  Block: Buckler           |    17 |     1 ||    18

Table legend: (Time is in decaauts)
 A = Elapsed time spent in this place.
 B = Non-inter-level travel time spent in this place.
 C = Inter-level travel time spent in this place.
 D = Time resting spent in this place.
 E = Time spent auto-exploring this place.
 F = Levels seen in this place.
 G = Mean time per level.
                   A        B        C        D        E       F      G
               +--------+--------+--------+--------+--------+-----+--------+
         Total |   1267 |   1241 |     26 |      0 |    989 |   2 |  633.5 |
       Dungeon |   1267 |   1241 |     26 |      0 |    989 |   2 |  633.5 |
               +--------+--------+--------+--------+--------+-----+--------+

Top non-repeatable levels by time:
     D:1: 803 daAuts
     D:2: 464 daAuts
